 Dungeon Crawl Stone Soup version 0.31-a0-833-gc15d34cb79 (webtiles) character file.

Game seed: 2441301366736151381

749 Kurtz the Cleaver (level 7, 0/46 HPs)
             Began as an Octopode Fighter on Sept 25, 2023.
             Was an Initiate of Makhleb.
             Splashed by a jelly's acid (9 damage)
             ... on level 5 of the Dungeon.
             The game lasted 00:03:46 (4681 turns).

Kurtz the Cleaver (Octopode Fighter)                Turns: 4681, Time: 00:03:47

Health: 0/46       AC:  0    Str: 15    XL:     7   Next: 78%
Magic:  7/7        EV: 18    Int: 10    God:    Makhleb [......]
Gold:   198        SH:  5    Dex: 14    Spells: 6/6 levels left

rFire   . . .        k - +2 flail (protect)
rCold   . . .        b - +0 buckler
rNeg    . . .        (helmet restricted)
rPois   .            (no amulet)
rElec   .            i - +5 ring of evasion
rCorr   .            (no ring)
SInv    .            (no ring)
Will    .....        (no ring)
Stlth   ++           (no ring)
HPRegen 0.27/turn    (no ring)
MPRegen 0.10/turn    (no ring)
                     (no ring)

%: no passive effects
@: corroded, under a protective aura
A: almost no armour, amphibious, 8 rings, camouflage 1, gelatinous body 1,
(nimble swimmer 1), tentacles
a: Renounce Religion


You were on level 5 of the Dungeon.
You worshipped Makhleb.
Makhleb was noncommittal.
You visited 1 branch of the dungeon, and saw 5 of its levels.

You collected 198 gold pieces.

Inventory:

Hand Weapons
 a - a +0 war axe
 d - a +1 mace of venom
 k - a +2 flail of protection (weapon)
Missiles
 u - 3 poisoned darts
Armour
 b - a +0 buckler (worn)
Jewellery
 i - a +5 ring of evasion (left tentacle)
Wands
 t - a wand of roots (3)
Scrolls
 e - a scroll of enchant weapon {unknown}
 g - 2 scrolls of butterflies {unknown}
 h - a scroll of amnesia {unknown}
 l - a scroll of fog {unknown}
 n - 2 scrolls of identify {unknown}
 o - 2 scrolls of poison {unknown}
 p - 2 scrolls of teleportation {unknown}
 r - a scroll of silence {unknown}
 s - a scroll of blinking {unknown}
Potions
 c - 3 potions of might
 f - a potion of curing
 j - 2 potions of brilliance {unknown}
 m - a potion of lignification {unknown}
 q - a potion of enlightenment {unknown}
 v - 2 potions of heal wounds
 w - a potion of magic {unknown}


   Skills:
 - Level 3.0 Fighting
 + Level 8.6 Axes
 - Level 3.0 Dodging
 - Level 3.0 Shields


You had 6 spell levels left.
You didn't know any spells.
Your spell library contained the following spells:

 Spells                   Type           Power      Damage    Failure   Level
 Apportation              Tloc           0%         N/A       45%         1
 Magic Dart               Conj           0%         1d3       45%         1
 Necrotise                Necr           0%         1d4       45%         1
 Summon Small Mammal      Summ           0%         N/A       45%         1
 Call Imp                 Summ           0%         N/A       58%         2
 Gell's Gravitas          Tloc           0%         N/A       83%         3
 Mephitic Cloud           Conj/Pois/Air  0%         N/A       83%         3
 Ozocubu's Armour         Ice            0%         N/A       83%         3
 Teleport Other           Tloc           0%         N/A       83%         3
 Dispersal                Tloc           0%         N/A       100%        6
 Ozocubu's Refrigeration  Ice            0%         4d7       100%        7


Dungeon Overview and Level Annotations

Branches:
Dungeon (5/15)
 Temple: D:4-7

Altars:
Makhleb
Trog

Shops:
D:3 (

Annotations:
D:2 1 runed translucent door, Crazy Yiuf
D:5 exclusions: orc priest and 2 orc wizards


Innate Abilities, Weirdness & Mutations

You cannot wear most types of armour.
You are amphibious.
You can wear up to eight rings at the same time.
Your skin changes colour to match your surroundings (Stealth+).
Your rubbery body absorbs attacks. (AC +1, EV +1)
((You are camouflaged when in or above water. (Stealth+)))
You have tentacles for arms and can constrict up to eight enemies at once.


Message History

You hit the jelly.
Your weapon exudes an aura of protection.
Your tentacles burn!
The jelly is lightly wounded.
The jelly completely misses you.
You sock the jelly! The acid corrodes you!
Your tentacles burn!
The jelly is severely wounded.
The jelly hits you. The acid corrodes you!
You are splashed with acid!
The jelly hits you. The acid corrodes you!
You are splashed with acid.
You hit the jelly.
Your tentacles burn!
You squeeze the jelly.
You kill the jelly!
Makhleb accepts your kill.
Unknown command.
You start resting.
You hear a distant slurping noise.
You are no longer corroded.
You start resting.
You hear a slurping noise.
The jelly eats the door!
A jelly comes into view.
Found a stone staircase leading down.
The jelly quivers.
The jelly hits you.
You are splashed with acid!
You hit the jelly.
Your weapon exudes an aura of protection.
Your tentacles burn!
The jelly is lightly wounded.
You hit the jelly.
Your tentacles burn!
You squeeze the jelly!
The jelly is moderately wounded.
The jelly hits you but does no damage.
You sock the jelly!
Your tentacles burn!
The jelly is heavily wounded.
The jelly hits you but does no damage.
You sock the jelly! The acid corrodes you!
Your tentacles burn!
* * * LOW HITPOINT WARNING * * *
The jelly is severely wounded.
The jelly hits you.
* * * LOW HITPOINT WARNING * * *
The acid corrodes you!
You are splashed with acid!
You die...

##### ####### #...#
#.....#
....########.....###.###
...........+.....J..>...
+####...####....@#
..###.#.#........#
........#<...#####
...##...........$#
'#.##........###..
.#.....###.....#
.#....)# #.#.....
.......# #.#......
.......# ..#......


You could see a jelly.

Vanquished Creatures
  A black bear (D:5)
  An ogre (D:4)
  A scorpion (D:5)
  A hound (D:4)
  A jelly (D:5)
  A gnoll bouda (D:5)
  2 sleepcaps
  3 iguanas
  2 orc wizards (D:3)
  Robin (D:2)
  4 gnolls (D:5)
  5 adders
  A white imp (D:5)
  An ufetubus (D:5)
  2 worms
  3 dart slugs
  4 orcs
  9 ball pythons
  8 bats
  8 endoplasms
  4 giant cockroaches
  23 goblins
  12 hobgoblins
  7 jackals
  7 quokkas
  5 frilled lizards
  6 kobolds
  4 rats
127 creatures vanquished.

Notes
Turn   | Place    | Note
-------+----------+-------------------------------------------
     0 | D:1      | Kurtz the Octopode Fighter began the quest for the Orb.
     0 | D:1      | Reached XP level 1. HP: 16/16 MP: 1/1
    74 | D:1      | Reached XP level 2. HP: 21/21 MP: 2/2
   179 | D:1      | Reached skill level 3 in Axes
   308 | D:1      | Reached XP level 3. HP: 25/26 MP: 3/3
   702 | D:2      | Reached skill level 4 in Axes
   757 | D:2      | Reached XP level 4. HP: 31/31 MP: 4/4
  1007 | D:2      | Noticed Robin
  1019 | D:2      | HP: 1/31 [goblin/+0 club[Robin] (1)]
  1034 | D:2      | Killed Robin
  1130 | D:2      | Found a runed translucent door.
  1131 | D:2      | Noticed Crazy Yiuf
  1523 | D:3      | Reached skill level 5 in Axes
  1557 | D:3      | Found Yhopt's Antique Weapon Boutique.
  1563 | D:3      | Reached XP level 5. HP: 34/36 MP: 5/5
  1705 | D:3      | Found a bloodstained altar of Trog.
  2409 | D:4      | Noticed an ogre
  2417 | D:4      | Killed an ogre
  2418 | D:4      | Reached skill level 6 in Axes
  2418 | D:4      | Reached XP level 6. HP: 4/42 MP: 6/6
  3592 | D:4      | Reached skill level 7 in Axes
  3796 | D:5      | Entered Level 5 of the Dungeon
  3806 | D:5      | Reached XP level 7. HP: 26/46 MP: 7/7
  4115 | D:5      | Reached skill level 8 in Axes
  4157 | D:5      | Found a burning altar of Makhleb.
  4216 | D:5      | Became a worshipper of Makhleb the Destroyer
  4681 | D:5      | Splashed by a jelly's acid

Illustrated notes

Levels and vault maps discovered:
D:1:      grunt_arrival_crossed_arrows, layout_loops_cross
D:2:      layout_rooms, kennysheep_decorative_pillar, nrook_campfire,
          kennysheep_generic_room_13, uniq_crazy_yiuf_cottage, uniq_robin
D:3:      layout_basic, mainiacjoe_overflow_alcove_2, serial_shops,
          nicolae_shop_rolling_square
D:4:      kennysheep_goblin_castle, layout_basic, st_stairs_7
D:5:      layout_basic, mainiacjoe_overflow_boulevard, uniq_eustachio

Skill      XL: |  1  2  3  4  5  6  7 |
---------------+----------------------+-----
Axes           | 3 4 5 6 7 8 |  8.6
Fighting       | |  3.0
Dodging        | |  3.0
Shields        | |  3.0

Action                     |  1- 3 |  4- 6 |  7- 9 || total
---------------------------+-------+-------+-------++-------
  Melee: War axe           |     8 |       |       ||     8
         Mace              |    53 |   132 |    14 ||   199
         Constrict         |    24 |    41 |     8 ||    73
         Tentacles         |    10 |    23 |    12 ||    45
         Punch             |     1 |     1 |       ||     2
         Flail             |       |       |    20 ||    20
  Throw: Dart              |       |       |     4 ||     4
  Evoke: Wand              |       |       |     1 ||     1
    Use: Potion            |       |     3 |       ||     3
   Stab: Sleeping          |     6 |    14 |     1 ||    21
 Armour: Skin              |    24 |    68 |    20 ||   112
  Dodge: Dodged            |    45 |    88 |    16 ||   149
  Block: Buckler           |    10 |    29 |     7 ||    46

Table legend: (Time is in decaauts)
 A = Elapsed time spent in this place.
 B = Non-inter-level travel time spent in this place.
 C = Inter-level travel time spent in this place.
 D = Time resting spent in this place.
 E = Time spent auto-exploring this place.
 F = Levels seen in this place.
 G = Mean time per level.
                   A        B        C        D        E       F      G
               +--------+--------+--------+--------+--------+-----+--------+
         Total |   4745 |   4526 |    219 |    820 |   2876 |   5 |  949.0 |
       Dungeon |   4745 |   4526 |    219 |    820 |   2876 |   5 |  949.0 |
               +--------+--------+--------+--------+--------+-----+--------+

Top non-repeatable levels by time:
     D:4: 1482 daAuts
     D:3: 982 daAuts
     D:2: 875 daAuts
     D:5: 798 daAuts
     D:1: 606 daAuts
